 Dungeon Crawl Stone Soup version 0.30.0-20-g3b4254fcbd (webtiles) character file.

Game seed: 7117427504792659947

8 hawla the Firebug (level 2, 0/20 HPs)
             Began as a Meteoran Fire Elementalist on June 2, 2023.
             Constricted to death by a ball python (1 damage)
             ... on level 2 of the Dungeon.
             The game lasted 00:01:06 (179 turns).

hawla the Firebug (Meteoran Fire Elementalist)       Turns: 179, Time: 00:01:07

Health: 0/20       AC:  3    Str:  9    XL:     2   Next: 29%
Magic:  6/6        EV:  9    Int: 16    God:
Gold:   0          SH:  0    Dex: 14    Spells: 5/6 levels left

rFire   . . .        (no weapon)
rCold   . . .        (no shield)
rNeg    . . .        a - +0 robe
rPois   .            (no helmet)
rElec   .            (no cloak)
rCorr   .            d - +0 pair of gloves
SInv    .            (no boots)
Will    .....        (no amulet)
Stlth   +            (no ring)
HPRegen 0.23/turn    (no ring)
MPRegen 0.10/turn

%: no passive effects
@: attractive, glowing, constricted
A: sense surroundings 1, otherworldly, glowing, explore regen
a: no special abilities


You were on level 2 of the Dungeon.
You visited 1 branch of the dungeon, and saw 2 of its levels.

Inventory:

Armour
 a - a +0 robe (worn)
 d - a +0 pair of gloves (worn)


   Skills:
 + Level 2.6 Dodging
 - Level 1.4 Stealth
 + Level 2.9 Spellcasting
 + Level 1.2 Conjurations
 + Level 4.0 Fire Magic


You had 5 spell levels left.
You knew the following spells:

 Your Spells              Type           Power      Damage    Failure   Level
a - Foxfire               Conj/Fire      40%        2x1d6     6%          1

Your spell library contained the following spells:

 Spells                   Type           Power      Damage    Failure   Level
 Scorch                   Fire           30%        2d6       5%          2
 Inner Flame              Hex/Fire       8%         N/A       24%         3
 Volatile Blastmotes      Fire/Tloc      16%        2d11      24%         3
 Flame Wave               Conj/Fire      10%        2d6       52%         4


Dungeon Overview and Level Annotations

Branches:
Dungeon (2/15) Zot: 1018

Altars:

Annotations:
D:2 Natasha


Innate Abilities, Weirdness & Mutations

You passively map a small area around you.
You are easily found by Zot.
You glow in the dark.
You regain HP and MP as you explore.


Message History

A ball python comes into view.
You aren't carrying any scrolls.
Casting: Foxfire (safe; 7% risk of failure)
Confirm with . or Enter, or press ? or * to list all spells.
You conjure some foxfire!
The ball python hisses angrily.
Casting: Foxfire (safe; 7% risk of failure)
Confirm with . or Enter, or press ? or * to list all spells.
You conjure some foxfire!
The foxfire hits the worm.
The worm is almost dead.
The foxfire hits the worm but does no damage.
The worm is almost dead.
The foxfire hits the worm.
The worm is almost dead.
The endoplasm jiggles.
Casting: Foxfire (safe; 7% risk of failure)
Confirm with . or Enter, or press ? or * to list all spells.
You conjure some foxfire!
A rat comes into view.
The foxfire hits the goblin.
You kill the goblin!
You have reached level 2!
You barely miss the worm.
The worm is almost dead.
The foxfire hits the worm.
The worm is almost dead.
The foxfire hits the worm.
You kill the worm!
Natasha stares at you and mumbles some strange words.
The magic dart hits you!
* * * LOW HITPOINT WARNING * * *
Your Fire Magic skill increases to level 4!
It was a potion of attraction.
You feel attractive to monsters.
Natasha wildly gestures.
Natasha's front paws start to glow.
The rat is attracted toward you. Magic courses through your body.
The ball python closely misses you. The ball python grabs you.
The ball python constricts you.
You die...

*
...............
, *
*.#.#.##.#######
#.#.........# ,,
#,#,###.....#.#
#.# *#.....# # *
#..., #.....#.#
,,.....
#.......# ,
......#†....###
* **
..§..rS@....+ ,
,
....###J....#**
, .. , #.h...# ,
*#.....#
,,.....[# ** ,,,
.....## , , ,
.....# ......# ,


You could see Natasha, an endoplasm, a ball python and a rat.

Vanquished Creatures
  A worm (D:2)
  An endoplasm (D:1)
  A goblin (D:2)
  A frilled lizard (D:2)
  2 rats (D:1)
6 creatures vanquished.

Vanquished Creatures (others)
  19 foxfires
19 creatures vanquished.

Grand Total: 25 creatures vanquished

Notes
Turn   | Place    | Note
-------+----------+-------------------------------------------
     0 | D:1      | hawla the Meteoran Fire Elementalist began the quest for
                  | the Orb.
     0 | D:1      | Reached XP level 1. HP: 14/14 MP: 5/5
    71 | D:1      | Found a faded altar of an unknown god.
   173 | D:2      | Noticed Natasha
   177 | D:2      | Reached XP level 2. HP: 8/20 MP: 1/6
   177 | D:2      | HP: 1/20 [Natasha/magic dart (8)]
   178 | D:2      | Reached skill level 4 in Fire Magic
   179 | D:2      | Constricted to death by a ball python

Illustrated notes

Levels and vault maps discovered:
D:1:      ldierk_walled_garden, layout_basic,
          dreamdust_ecumenical_altar_statues, grunt_decor_fettered
D:2:      layout_basic, uniq_natasha

Skill      XL: |  1  2 |
---------------+-------+-----
Fire Magic     | 4 |  4.0
Dodging        | |  2.6
Stealth        | |  1.4
Spellcasting   | |  2.9
Conjurations   | |  1.2

Action                     || total
---------------------------++-------
  Melee: Unarmed           ||     2
   Cast: Foxfire           ||    11
    Use: Scroll            ||     1
         Potion            ||     2
 Armour: Robe              ||     1
  Dodge: Dodged            ||     3
